Map: [TLMC17] Erreholm

Players

MaxPax

  • Race: Protoss Protoss
  • Spawn Location: 7:00

LiquidClem (Clem) - Winner!

  • Race: Terran Terran
  • Spawn Location: 1:00

VOD

Have the link to the VOD?

Description

Time

  • Played on: Jan. 5, 2025, 4:13 p.m.
  • Length: 9:53
Show
View Real Time Build Order
Export as new Build Order

MaxPax Protoss 

Build Orders: 1 Gate Expand, Blink Stalkers 

Get SALT Encoding   

  12  0:00  Probe  
  13  0:12  Probe  
  14  0:17  Pylon  
  14  0:23  Probe  
  15  0:31  Probe  
  16  0:35  Gateway  
  16  0:39  Probe  
  16  0:45  Assimilator  
  17  0:50  Probe  
  18  1:03  Probe  
  19  1:15  Probe  
  20  1:22  Cybernetics Core  
  20  1:30  Nexus  
  20  1:34  Probe  
  21  1:41  Pylon  
  21  1:46  Probe  
  22  1:49  Assimilator, Adept  
  22  1:58  Probe  
  22  2:01  Warp Gate  
  25  2:09  Adept  
  25  2:10  Probe  
  26  2:22  Probe  
  29  2:27  Twilight Council  
  29  2:34  Probe  
  30  2:39  Stalker  
  30  2:40  Blink  
  30  2:42  Probe  
  33  2:46  Probe  
  34  2:53  Gateway  
  34  2:54  Probe  
  35  2:58  Probe  
  36  3:07  Probe  
  36  3:10  Probe  
  38  3:19  Probe  
  39  3:22  Probe  
  39  3:23  Robotics Facility  
  40  3:29  Gateway  
  40  3:31  Probe  
  41  3:35  Probe  
  42  3:47  Pylon  
  43  3:49  Stalker x2  
  43  3:53  Probe  
  45  3:57  Probe  
  45  3:59  Warp Prism  
  46  4:05  Probe  
  49  4:12  Pylon  
  49  4:23  Stalker x2  
  53  4:26  Probe  
  54  4:45  Probe x2  
  51  4:50  Observer  
  52  4:53  Stalker x3  
  52  4:57  Probe  
  52  4:59  Probe  
  60  5:06  Nexus  
  58  5:09  Probe  
  59  5:16  Probe  
  59  5:19  Pylon  
  59  5:21  Probe  
  61  5:28  Probe  
  62  5:35  Pylon  
  62  5:37  Probe  
  62  5:39  Assimilator, Charge  
  62  5:40  Shield Battery, Probe  
  62  5:42  Forge  
  64  5:49  Probe, Pylon  
  65  5:53  Probe  
  66  6:01  Probe  
  66  6:02  Probe  
  66  6:03  Sentry  
  69  6:10  Probe  
  69  6:13  Probe  
  69  6:14  Gateway  
  69  6:15  Gateway  
  69  6:16  Gateway, Probe  
  69  6:17  Gateway  
  71  6:19  Probe, Protoss Ground Weapons Level 1  
  71  6:20  Gateway, Shield Battery  
  71  6:24  Probe  
  73  6:25  Probe  
  73  6:28  Sentry  
  73  6:31  Probe  
  78  6:33  Probe, Observer  
  78  6:35  Robotics Bay  
  78  6:38  Probe  
  81  6:40  Stalker  
  81  6:43  Probe  
  81  6:45  Probe  
  85  6:48  Zealot  
  85  6:50  Probe  
  88  6:56  Probe  
  88  6:57  Stalker, Probe  
  92  7:06  Pylon  
  92  7:07  Colossus  
  93  7:10  Pylon  
  93  7:11  Nexus  
  93  7:13  Shield Battery  
  93  7:14  Zealot x2  
  93  7:15  Zealot  
  97  7:25  Pylon  
  103  7:34  Stalker x2, Pylon  
  107  7:37  Pylon  
  107  7:40  Probe x2  
  107  7:41  Assimilator  
  107  7:44  Zealot, Extended Thermal Lance  
  111  7:53  Zealot x4  
  111  7:56  Colossus  
  115  8:08  Zealot  
  115  8:09  Zealot x3  
  113  8:21  Zealot x4  
  119  8:30  Sentry  
  119  8:32  Zealot x3, Pylon  
  112  8:42  Zealot x4  
  96  8:53  Zealot x4  
  79  9:05  Stalker x2, Sentry  
  79  9:12  Zealot  
  79  9:14  Pylon  
  79  9:15  Zealot x2  
  85  9:21  Zealot x2  
  89  9:34  Zealot x3  
Show
View Real Time Build Order
Export as new Build Order

LiquidClem Terran - Winner!

Build Orders:  

Get SALT Encoding   

  12  0:00  SCV  
  13  0:12  SCV  
  14  0:17  Supply Depot  
  14  0:24  SCV  
  15  0:38  SCV  
  15  0:40  Barracks  
  16  0:43  Refinery  
  16  0:50  SCV  
  17  1:02  SCV  
  18  1:14  SCV  
  19  1:27  Marine, Orbital Command  
  20  1:44  Command Center  
  20  1:46  Barracks Reactor  
  20  1:51  Supply Depot  
  20  1:55  SCV  
  21  2:08  SCV  
  22  2:10  Factory  
  22  2:20  SCV  
  22  2:21  Refinery  
  22  2:22  Marine x2  
  25  2:32  SCV  
  26  2:39  Marine  
  26  2:40  Marine  
  29  2:44  SCV  
  29  2:54  Hellion  
  29  2:55  Starport  
  29  2:58  Orbital Command, SCV  
  31  3:00  Marine  
  31  3:02  Marine  
  34  3:11  SCV  
  35  3:15  Supply Depot  
  35  3:18  Marine  
  35  3:19  Widow Mine, Marine  
  38  3:24  SCV  
  38  3:25  SCV  
  41  3:32  Medivac  
  43  3:36  SCV  
  43  3:37  SCV  
  43  3:38  Marine x2  
  45  3:43  Widow Mine  
  45  3:44  Supply Depot  
  45  3:48  SCV  
  47  3:49  SCV  
  48  3:55  Marine  
  48  3:59  Marine  
  48  4:00  SCV  
  48  4:01  SCV  
  52  4:03  Supply Depot  
  52  4:05  Factory Tech Lab  
  52  4:06  Starport Tech Lab  
  51  4:11  Bunker  
  51  4:12  SCV  
  51  4:13  Marine  
  51  4:14  SCV  
  52  4:24  SCV  
  52  4:25  Siege Tank  
  52  4:26  SCV  
  55  4:34  Supply Depot  
  55  4:35  Raven  
  55  4:36  SCV  
  57  4:38  SCV  
  57  4:39  Marine  
  57  4:40  Marine  
  55  4:45  Barracks  
  55  4:48  SCV  
  55  4:50  SCV  
  55  4:57  Barracks  
  55  5:00  Siege Tank, Marine, SCV  
  55  5:02  SCV  
  55  5:06  Refinery, Marine  
  62  5:13  Viking, SCV  
  64  5:14  SCV  
  64  5:16  Supply Depot  
  64  5:18  Marine  
  66  5:23  Supply Depot  
  66  5:24  Marine  
  66  5:25  SCV  
  66  5:26  SCV  
  66  5:28  Refinery  
  68  5:33  Engineering Bay  
  68  5:36  Marine  
  68  5:39  Siege Tank  
  68  5:40  Marine, SCV  
  68  5:42  Marine  
  75  5:43  SCV  
  75  5:46  Supply Depot  
  76  5:51  Supply Depot  
  76  5:52  SCV  
  76  5:55  Stimpack  
  76  5:56  Marine  
  78  5:57  Marine  
  78  5:59  SCV  
  78  6:00  Terran Infantry Weapons Level 1  
  80  6:05  Starport Reactor, SCV  
  80  6:07  Supply Depot  
  80  6:10  Marine  
  82  6:11  SCV  
  82  6:16  Combat Shield  
  82  6:17  Marine, Marauder x2  
  88  6:20  Factory Reactor  
  88  6:21  Supply Depot  
  88  6:27  Marine  
  88  6:30  Barracks x2  
  88  6:32  Supply Depot  
  89  6:37  Marine  
  90  6:42  Medivac  
  90  6:43  Medivac  
  90  6:44  Supply Depot, Marauder  
  98  6:47  Marauder  
  98  6:52  Supply Depot, Marine  
  99  6:55  Marine  
  99  6:56  Widow Mine  
  99  6:57  Widow Mine  
  104  7:02  Supply Depot  
  104  7:09  Supply Depot  
  104  7:10  Marine, Marauder x2  
  104  7:12  Marine  
  104  7:14  Medivac x2  
  114  7:18  Widow Mine  
  114  7:19  Widow Mine, Marine  
  114  7:20  Marine  
  120  7:28  Marine  
  121  7:30  Marine  
  121  7:31  Marauder  
  121  7:33  Marauder  
  121  7:37  Marine  
  126  7:38  Marine  
  126  7:42  Widow Mine x2  
  132  7:45  Medivac  
  132  7:46  Marine, Medivac  
  132  7:48  Marine  
  137  7:53  Marauder  
  137  7:54  Marine, Marauder  
  137  7:56  Marine  
  140  8:06  Widow Mine x2  
  140  8:07  Marine  
  140  8:10  Marine  
  138  8:14  Marine, Marauder  
  138  8:16  Marauder  
  138  8:18  Marine  
  137  8:27  Marine  
  137  8:35  Marine, Marauder  
  137  8:37  Marine  
  137  8:39  Marine  
  136  8:42  Marine  
  136  8:45  Marine  
  124  8:53  Marine  
  124  8:55  Marine  
  126  8:56  Marine  
  126  8:57  Widow Mine x2  
  126  8:59  Marine  
  126  9:00  Marine  
  125  9:03  Marine  
  125  9:08  SCV  
  125  9:09  SCV  
  126  9:13  Marine  
  126  9:15  Marine  
  128  9:20  SCV  
  128  9:21  SCV  
  128  9:24  Marine  
  129  9:29  Marauder  
  129  9:30  Marauder  
  133  9:34  Marine  
Tags
 
Add a new tag
Caveats
  • Supply blocks, unpowered buildings, or Contaminate may cause inaccurate times.
  • Supply counts are checked every 10 seconds.